 Dungeon Crawl Stone Soup version 0.29.1-12-g30fa7ad0bf (webtiles) character file.

Game seed: 16160706748577416205

93 MisterFreud the Twirler (level 4, -1/33 HPs)
             Began as a Formicid Gladiator on Dec 27, 2022.
             Slain by a hound (3 damage)
             ... on level 4 of the Dungeon.
             The game lasted 00:01:47 (2942 turns).

MisterFreud the Twirler (Formicid Gladiator)        Turns: 2942, Time: 00:01:47

Health: -1/33      AC:  3    Str: 21    XL:     4   Next: 91%
Magic:  4/4        EV: 12    Int:  7    God:
Gold:   98         SH:  0    Dex: 15    Spells: 3/3 levels left

rFire   . . .      SeeInvis +   a - +0 quarterstaff
rCold   . . .      Faith    .   (no shield)
rNeg    . . .      Spirit   .   b - +0 leather armour
rPois   .          Reflect  .   (helmet unavailable)
rElec   .          Harm     .   (no cloak)
rCorr   .          Rampage  .   (no gloves)
Will    .....                   (no boots)
Stlth   +.........              (no amulet)
HPRegen 0.11/turn               (no ring)
MPRegen 0.09/turn               (no ring)

@: no status effects
A: permanent stasis, dig shafts and tunnels, antennae 3, four strong arms
a: Dig, Shaft Self


You were on level 4 of the Dungeon.
You visited 1 branch of the dungeon, and saw 4 of its levels.

You collected 98 gold pieces.

Inventory:

Hand Weapons
 a - a +0 quarterstaff (weapon)
Missiles
 c - 3 throwing nets (quivered)
 d - a javelin
 h - 11 poisoned darts
Armour
 b - a +0 leather armour (worn)
Scrolls
 f - a scroll of butterflies {unknown}
 g - a scroll of vulnerability {unknown}
 k - a scroll of immolation {unknown}
 l - a scroll of identify
Potions
 e - a potion of mutation
 i - a potion of might
 j - 3 potions of curing {unknown}


   Skills:
 - Level 2.1 Fighting
 + Level 5.2 Staves
 - Level 2.0 Throwing
 - Level 2.6 Dodging


You had 3 spell levels left.
You didn't know any spells.
Your spell library contained the following spells:

 Spells                   Type           Power      Damage    Failure   Level
 Beastly Appendage        Tmut           0%         N/A       47%         1
 Wereblood                Tmut           0%         N/A       63%         2
 Spider Form              Tmut/Pois      0%         N/A       85%         3


Dungeon Overview and Level Annotations

Branches:
Dungeon (3/15)

Altars:

Annotations:
D:3 Grinder


Innate Abilities, Weirdness & Mutations

You cannot be hasted, slowed, berserked, paralysed or teleported.
You can dig through walls and to a lower floor.
You have a pair of large antennae on your head. (SInv)
Your four strong arms can wield two-handed weapons with a shield.


Message History

You hit the goblin.
You kill the goblin!
The hound barely misses you.
You hit the hound.
The hound is moderately wounded.
The hound bites you. The hound closely misses you.
The hound attacks as you move away! The hound closely misses you.
You sock the hound!
The hound is severely wounded.
The hound bites you.
The kobold hits you with a +0 quarterstaff!
The hound closely misses you. The hound attacks as you move away!
The hound bites you.
You closely miss the hound.
The hound is severely wounded.
The hound barely misses you. The hound bites you.
You are too injured to fight recklessly!
You miss the hound.
The hound is severely wounded.
The hound closely misses you.
You are too injured to fight recklessly!
You closely miss the hound.
The hound is severely wounded.
The hound bites you. x2
You are too injured to fight recklessly!
You hit the hound but do no damage.
The hound is severely wounded.
The hound bites you.
* * * LOW HITPOINT WARNING * * *
The hound bites you.
* * * LOW HITPOINT WARNING * * *
You are too injured to fight recklessly!
You miss the hound.
The hound is severely wounded.
The hound bites you.
* * * LOW HITPOINT WARNING * * *
You hit the hound.
The hound is almost dead.
The hound bites you.
You die...

#.....)# ########..
#......# ......$...
#......# .........#
#......# .........#
#......# .........#
######......#
.........######...........#
.........#...##...........#
.?.$...)Kh@................
....^....#...##......######
)........#...##......#
.........######......#
+#..###### #......# +..
######## #. .


You could see a hound and a kobold.

Vanquished Creatures
  3 adders
  3 worms (D:2)
  A dart slug (D:1)
  An orc (D:3)
  5 ball pythons
  5 endoplasms
  4 giant cockroaches
  6 hobgoblins
  A jackal (D:3)
  2 quokkas (D:1)
  3 bats
  3 frilled lizards
  6 goblins
  5 kobolds
  5 rats
53 creatures vanquished.

Notes
Turn   | Place    | Note
-------+----------+-------------------------------------------
     0 | D:1      | MisterFreud the Formicid Gladiator began the quest for the
                  | Orb.
     0 | D:1      | Reached XP level 1. HP: 16/16 MP: 1/1
   187 | D:1      | Reached XP level 2. HP: 17/22 MP: 2/2
   581 | D:1      | Reached skill level 4 in Staves
   581 | D:1      | Reached XP level 3. HP: 23/27 MP: 3/3
  1470 | D:2      | Reached XP level 4. HP: 32/33 MP: 4/4
  1903 | D:2      | Reached skill level 5 in Staves
  2153 | D:2      | Found a faded altar of an unknown god.
  2169 | D:2      | Found a faded altar of an unknown god.
  2681 | D:3      | Noticed Grinder
  2698 | D:3      | You fall into a shaft and drop 1 floor!
  2942 | D:4      | Slain by a hound

Illustrated notes

Levels and vault maps discovered:
D:1:      dpeg_arrival_concentric_ovals, layout_rooms, minivault_25,
          chequers_serial_rivers_micro_b, grunt_decor_arrowhead
D:2:      layout_loops_corners, hellmonk_ecumenical_altar_the_god_not_taken,
          serial_park_tiny_2
D:3:      layout_loops_ring, minmay_misc_feat_enclosed, uniq_grinder
D:4:      layout_basic, serial_shops, nicolae_shop_behind_doors

Skill      XL: |  1  2  3  4 |
---------------+-------------+-----
Staves         | 4 5 |  5.2
Fighting       | |  2.1
Throwing       | |  2.0
Dodging        | |  2.6

Action                   |  1- 3 |  4- 6 || total
-------------------------+-------+-------++-------
Melee: Quarterstaff      |    71 |    68 ||   139
       Punch             |     1 |     3 ||     4
 Abil: Shaft Self        |       |     1 ||     1
  Use: Scroll            |     4 |       ||     4
 Stab: Sleeping          |     3 |     2 ||     5
Armor: Leather armour    |    14 |    17 ||    31
Dodge: Dodged            |    48 |    57 ||   105
